 Dungeon Crawl Stone Soup version 0.28-a0-199-g298df9dbad (webtiles) character file.

Game seed: 18308708728091714633

7 robertstho the Skirmisher (level 1, -1/28 HPs)
             Began as a Draconian Berserker on Aug 19, 2021.
             Was a Follower of Trog.
             Frozen to death by an endoplasm (4 damage)
             ... on level 1 of the Dungeon.
             The game lasted 00:00:22 (397 turns).

robertstho the Skirmisher (Draconian Berserker)      Turns: 397, Time: 00:00:22

Health: -1/28      AC:  4    Str: 19    XL:     1   Next: 91%
Magic:  1/1        EV: 12    Int:  7    God:    Trog [*.....]
Gold:   14         SH:  0    Dex: 10    Spells: 0/0 levels left

rFire   . . .      SeeInvis .   a - +0 falchion
rCold   . . .      Faith    .   (no shield)
rNeg    . . .      Spirit   .   (armour unavailable)
rPois   .          Reflect  .   (helmet restricted)
rElec   .          Harm     .   (no cloak)
rCorr   .          Rampage  .   (no gloves)
Will    .....                   (no boots)
Stlth   ..........              (no amulet)
HPRegen 0.09/turn               (no ring)
MPRegen 0.07/turn               (no ring)

@: berserking, slowed
A: AC +4, unfitting armour, cold-blooded
a: Renounce Religion, Berserk


You were on level 1 of the Dungeon.
You worshipped Trog.
Trog was aware of your devotion.
You visited 1 branch of the dungeon, and saw 1 of its levels.

You collected 14 gold pieces.

Inventory:

Hand Weapons
 a - a +0 falchion (weapon)


   Skills:
 * Level 3.5 Fighting
 + Level 3.1 Long Blades
 * Level 2.9 Dodging


You couldn't memorise any spells.
You didn't know any spells.
Your spell library was empty.

Dungeon Overview and Level Annotations

Branches:
Dungeon (1/15)

Altars:


Innate Abilities, Weirdness & Mutations

Your plain brown scales are hard. (AC +4)
You cannot fit into any form of body armour.
You are cold-blooded and may be slowed by cold attacks.


Message History

A ball python comes into view.
The ball python hisses angrily.
The endoplasm quivers.
An endoplasm comes into view.
The endoplasm quivers.
The endoplasm freezes you.
You are frozen.
You feel yourself slow down.
The ball python bites you but does no damage.
The ball python grabs you. The ball python constricts you.
You barely miss the ball python.
The ball python bites you but does no damage.
The ball python constricts you. The endoplasm freezes you.
You are frozen.
The ball python barely misses you.
You riposte.
You closely miss the ball python. The ball python constricts you.
You hit the ball python.
Your tail-slap misses the ball python.
The ball python is severely wounded.
The endoplasm freezes you.
You are frozen.
The ball python closely misses you.
You riposte.
You hit the ball python.
You kill the ball python!
Trog accepts your kill. The endoplasm freezes you.
You are frozen.
The endoplasm freezes you.
You are frozen.
* * * LOW HITPOINT WARNING * * *
You feel as though you will be slow longer.
A red film seems to cover your vision as you go berserk!
You feel yourself moving faster!
You feel mighty! The endoplasm freezes you.
You are frozen.
* * * LOW HITPOINT WARNING * * *
You feel as though you will be slow longer.
The endoplasm hits you but does no damage.
You barely miss the endoplasm. The endoplasm barely misses you.
You riposte.
You barely miss the endoplasm. The endoplasm freezes you.
You are frozen.
You die...

#..[....# # #.......# #
#.......# # #.......#
#.......######
######............#
#.................#
#.......##........#
######.......++.@......+
.....).......##J†J.....#
###############........#
......#### .......#
#.......# #.......#
#.......#


You could see 2 endoplasms.

Vanquished Creatures
  A ball python (D:1)
  An endoplasm (D:1)
  A goblin (D:1)
  A hobgoblin (D:1)
  A kobold (D:1)
  A rat (D:1)
6 creatures vanquished.

Notes
Turn   | Place    | Note
-------+----------+-------------------------------------------
     0 | D:1      | robertstho the Draconian Berserker began the quest for the
                  | Orb.
     0 | D:1      | Reached XP level 1. HP: 19/19 MP: 1/1
   397 | D:1      | Frozen to death by an endoplasm

Illustrated notes

Levels and vault maps discovered:
D:1:      mrwooster_arrival_arrow, layout_basic,
          shapermc_ecumenical_altar_petra, minmay_strange_pillars,
          minmay_tromino_v4_a

Action                   || total
-------------------------++-------
Melee: Falchion          ||    18
       Tailslap          ||     3
Invok: Berserk           ||     2
Armor: Skin              ||     9
Dodge: Dodged            ||    13
       Rpst.: Falchion   ||     3

Table legend: (Time is in decaauts)
 A = Elapsed time spent in this place.
 B = Non-inter-level travel time spent in this place.
 C = Inter-level travel time spent in this place.
 D = Time resting spent in this place.
 E = Time spent auto-exploring this place.
 F = Levels seen in this place.
 G = Mean time per level.
                   A        B        C        D        E       F      G
               +--------+--------+--------+--------+--------+-----+--------+
         Total |    413 |    413 |      0 |    174 |    190 |   1 |  413.0 |
       Dungeon |    413 |    413 |      0 |    174 |    190 |   1 |  413.0 |
               +--------+--------+--------+--------+--------+-----+--------+

Top non-repeatable levels by time:
     D:1: 413 daAuts
